 Dungeon Crawl Stone Soup version 0.30.1-9-gdf580d7c3d (webtiles) character file.

Game seed: 9106806156630997546

9546 Psyclone the Thaumaturge (level 11, -4/72 HPs)
             Began as a Deep Elf Conjurer on Sept 25, 2023.
             Was a Follower of Ashenzari.
             Shot with an arrow by a centaur warrior (22 damage)
             ... on level 10 of the Dungeon.
             The game lasted 00:25:38 (12581 turns).

Psyclone the Thaumaturge (Deep Elf Conjurer)       Turns: 12581, Time: 00:25:39

Health: -4/72      AC:  9    Str:  4    XL:     11   Next: 24%
Magic:  26/28      EV: 20    Int: 28    God:    Ashenzari [*.....]
Gold:   547        SH:  0    Dex: 13    Spells: 17/32 levels left

rFire   . . .        t - +9 mace of World Downfall {flame, Will+ SInv}
rCold   . . .        (no shield)
rNeg    . . .        a - +0 robe of the Astral Prison {Alch, Elem} (curse)
rPois   +            m - +0 helmet
rElec   .            n - +0 cloak
rCorr   .            p - +1 pair of gloves
SInv    +            s - +2 pair of boots of the Shattered Fetters {Elem, Bglg} (curse)
Will    ++...        (no amulet)
Stlth   +++          i - ring of poison resistance
HPRegen 0.32/turn    o - +5 ring of evasion
MPRegen 0.21/turn

%: no passive effects
@: about to teleport, studying Throwing
A: no striking features
a: Renounce Religion, Curse Item, Shatter the Chains


You were on level 10 of the Dungeon.
You worshipped Ashenzari.
Ashenzari was aware of your devotion.
You visited 2 branches of the dungeon, and saw 11 of its levels.
You also visited: Sewer.

You collected 674 gold pieces.
You spent 127 gold pieces at shops.

Inventory:

Hand Weapons
 t - the +9 mace of World Downfall (weapon) {flame, Will+ SInv}
   (You found it on level 4 of the Dungeon)

   SInv:      It lets you see invisible.
   Will:      It increases your willpower.
Armour
 a - the cursed +0 robe of the Astral Prison (worn) {Alch, Elem}

   It has a curse which improves the following skills: Alchemy: Poison Magic and
   Transmutations.
   Elements:  Fire Magic, Ice Magic, Air Magic and Earth Magic.
 m - a +0 helmet (worn)
 n - a +0 cloak (worn)
 p - a +1 pair of gloves (worn)
 s - the cursed +2 pair of boots of the Shattered Fetters (worn) {Elem, Bglg}
   (You bought it in a shop on level 4 of the Dungeon)

   It has a curse which improves the following skills: Elements: Fire Magic, Ice
   Magic, Air Magic and Earth Magic.
   Beguiling: Conjurations, Hexes and Translocations.
Jewellery
 i - a ring of poison resistance (left hand)
 o - a +5 ring of evasion (right hand)
 q - a ring of flight
 B - a ring of willpower
Wands
 A - a wand of paralysis (11)
Scrolls
 c - a scroll of blinking
 d - 4 scrolls of enchant armour
 f - 4 scrolls of poison
 h - 5 scrolls of identify {@r1}
 l - a scroll of fog
 r - 2 scrolls of immolation
 v - a scroll of acquirement
 x - a scroll of teleportation
 y - 2 scrolls of enchant weapon
 C - 2 scrolls of magic mapping
 D - a scroll of silence {!r}
Potions
 b - 3 potions of magic
 e - 6 potions of curing
 g - 4 potions of brilliance
 j - a potion of attraction
 k - a potion of might
 u - 2 potions of flight
 w - 2 potions of mutation
 z - 3 potions of heal wounds


   Skills:
 - Level 10.0 Fighting
 + Level 8.4 Dodging
 - Level 5.4 Stealth
 - Level 11.1 Spellcasting
 - Level 10.1(10.9) Conjurations
 + Level 4.5(5.7) Fire Magic


You had 17 spell levels left.
You knew the following spells:

 Your Spells              Type           Power      Damage    Failure   Level
a - Magic Dart            Conj           100%       1d8       1%          1
b - Searing Ray           Conj           100%       2d8       1%          2
c - Dazzling Flash        Conj/Hex       92%        N/A       1%          3
d - Fulminant Prism       Conj/Hex       23%        3d12      3%          4
e - Fireball              Conj/Fire      29%        3d13      3%          5

Your spell library contained the following spells:

 Spells                   Type           Power      Damage    Failure   Level
 Foxfire                  Conj/Fire      100%       2x1d9     1%          1
 Scorch                   Fire           94%        2d9       1%          2
 Flame Wave               Conj/Fire      58%        2d14      1%          4
 Apportation              Tloc           32%        N/A       3%          1
 Iskenderun's Mystic Bla  Conj/Tloc      46%        2d10      3%          4
 Starburst                Conj/Fire      29%        6d9       19%         6
 Leda's Liquefaction      Hex/Erth       8%         N/A       34%         4
 Alistair's Intoxication  Tmut/Pois      10%        N/A       67%         5
 Lee's Rapid Deconstruct  Erth           8%         3d7*      67%         5
 Plasma Beam              Fire/Air       16%        2x1d30    86%         6
 Statue Form              Tmut/Erth      10%        N/A       99%         6
 Summon Cactus Giant      Summ           7%         N/A       99%         6


Dungeon Overview and Level Annotations

Branches:
Dungeon (10/15) Zot: 26293  Temple (1/1) D:5 Zot: 5835    Lair (0/5) D:9
  Sewer (visited)
    Orc: D:9-12

Altars:
Ashenzari
Cheibriados
Dithmenos
Elyvilon
Fedhas
Gozag
Hepliaklqana
Kikubaaqudgha
Makhleb
Nemelex Xobeh
Okawaru
Qazlal
Ru
Sif Muna
Trog
Uskayaw
Vehumet
Wu Jian
Xom
Yredelemnul
Zin
The Shining One

Shops:
D:1 =   D:4 [

Annotations:
D:4 1 runed translucent door, tizbic2's ghost, amateur OgSu
D:7 exclusion: downstairs
D:10 3 runed translucent doors


Message History

You take 11 damage, and have 61/72 hp.
Casting: Searing Ray (safe; 1% risk of failure)
Confirm with . or Enter, or press ? or * to list all spells.
Aiming: Searing Ray (safe; 1% risk of failure)
Press: ? - help, Shift-Dir - straight line, f - centaur warrior
Aim: a centaur warrior, wielding a +0 shortbow (87% to hit)
The searing ray hits the centaur warrior.
The centaur warrior is lightly wounded. (Press . to maintain the ray.)
The wind drake begins repelling missiles!
The centaur warrior unwields a +0 shortbow.
The centaur warrior completely misses you.
The centaur warrior kicks you but does no damage.
The deep elf pyromancer mumbles some strange words.
The deep elf pyromancer blinks!
A boulder beetle comes into view.
The wind drake flaps its wings at you. The air twists around and strikes you.
You take 6 damage, and have 55/72 hp.
You now have 26/28 mp.
The searing ray hits the centaur warrior.
The centaur warrior is lightly wounded.
The searing ray hits the centaur warrior.
The centaur warrior is lightly wounded.
The centaur warrior wields a +0 shortbow.
The centaur warrior shoots an arrow.
The arrow hits you.
You take 4 damage, and have 51/72 hp.
You now have 25/28 mp.
The centaur warrior wields a +0 shortbow.
The centaur warrior shoots an arrow.
The arrow barely misses you.
The centaur warrior shoots an arrow.
The arrow hits you!
You take 9 damage, and have 42/72 hp.
The centaur warrior shoots an arrow.
The arrow closely misses you.
The centaur warrior shoots an arrow.
The arrow hits you!
You take 13 damage, and have 29/72 hp.
The centaur warrior shoots an arrow.
The arrow hits you!
* * * LOW HITPOINT WARNING * * *
You take 12 damage, and have 17/72 hp.
As you read the scroll of teleportation, it crumbles to dust.
You feel strangely unstable.
The centaur warrior shoots an arrow.
The arrow hits you!!
You die...

# #........)#...##...... .#
#.#.#.#.#.#...##...... #..
#.......##...##...... . .# #
#)#.#.#)#............ #. . #.
#.....##.##.#....... # }
#.#.#.#..##.#....... # #D#c
##...##.###.#.###### # k)#
#.#.#....#.#.# ##
#.####@##.##.#.#.##### .#
#cc..#.#..##.#.#.....# .##
#####c##.###.........## ..#
#..##.# #...........
#.##.#########.##..#
#.........##
#..##.#######.##...###.........#
##..# .+WOR+.##..#.............#
##.####DlO####.######.......###
#<..###ogY###.. #.......#


You could see a centaur warrior.

Vanquished Creatures
  2 trolls
  A wind drake (shapeshifter) (D:8)
  Prince Ribbit (D:9)
  Sigmund (D:3)
  12 yaks
  2 shadows
  A wraith (D:10)
  A wyvern (D:8)
  A steam dragon (D:9)
  A water moccasin (D:7)
  An acid dragon (D:10)
  3 sky beasts (D:7)
  A black bear (D:7)
  3 orc warriors
  4 centaurs
  An ogre (D:4)
  A phantom (D:5)
  8 kobold brigands
  4 bullfrogs
  A gnoll sergeant (D:5)
  4 scorpions
  2 jellies
  16 wights
  5 killer bees (D:8)
  3 howler monkeys
  2 orc priests
  A gnoll bouda (D:5)
  2 hounds (D:7)
  Crazy Yiuf (D:2)
  A sleepcap (D:6)
  Jessica (D:2)
  Natasha (thrice) (D:3)
  3 iguanas
  11 orc wizards
  A mummy (D:5)
  Robin (D:2)
  7 adders
  12 gnolls
  5 river rats
  A white imp (D:5)
  A worm (D:2)
  2 dart slugs
  21 orcs
  10 ball pythons
  5 bats
  5 endoplasms
  4 giant cockroaches
  22 goblins
  2 hobgoblins
  5 jackals
  27 kobolds
  A quokka (D:4)
  5 frilled lizards
  7 rats
249 creatures vanquished.

Vanquished Creatures (others)
  3 fulminant prisms (D:8)
3 creatures vanquished.

Grand Total: 252 creatures vanquished

Notes
Turn   | Place    | Note
-------+----------+-------------------------------------------
     0 | D:1      | Psyclone the Deep Elf Conjurer began the quest for the Orb.
     0 | D:1      | Reached XP level 1. HP: 10/10 MP: 6/6
   321 | D:1      | Reached XP level 2. HP: 15/15 MP: 5/8
   348 | D:1      | Found Cetaas's Jewellery Emporium.
   851 | D:2      | Noticed Jessica
   857 | D:2      | Killed Jessica
   858 | D:2      | Reached XP level 3. HP: 8/19 MP: 2/10
   918 | D:2      | Learned a level 2 spell: Searing Ray
  1005 | D:2      | Learned a level 3 spell: Dazzling Flash
  1043 | D:2      | You fall into a shaft and drop 1 floor!
  1290 | D:2      | Found a stormy altar of Qazlal.
  1386 | D:2      | Noticed Robin
  1407 | D:2      | Killed Robin
  1412 | D:2      | Reached XP level 4. HP: 24/24 MP: 3/11
  1782 | D:2      | Found a runed translucent door.
  1783 | D:2      | Noticed Crazy Yiuf
  1791 | D:2      | Killed Crazy Yiuf
  1792 | D:2      | Reached skill level 4 in Spellcasting
  1792 | D:2      | Reached skill level 5 in Conjurations
  1875 | D:2      | Learned a level 4 spell: Fulminant Prism
  1899 | D:3      | Noticed Natasha
  1904 | D:3      | Killed Natasha
  1968 | D:3      | Noticed Sigmund
  1987 | D:3      | HP: 1/24 [Sigmund/magic dart (5)]
  1998 | D:3      | Killed Sigmund
  1999 | D:3      | Reached XP level 5. HP: 4/28 MP: 8/14
  1999 | D:3      | Reached XP level 6. HP: 5/32 MP: 8/15
  2187 | D:3      | Noticed Natasha
  2192 | D:3      | Killed Natasha
  2193 | D:3      | Reached skill level 5 in Spellcasting
  2454 | D:3      | Noticed Natasha
  2459 | D:3      | Killed Natasha
  3168 | D:4      | Found a runed translucent door.
  3170 | D:4      | Noticed tizbic2's ghost (amateur OgSu)
  3244 | D:4      | Reached skill level 5 in Stealth
  3359 | D:4      | Found Haiphupu's Antique Armour Emporium.
  3602 | D:4      | Reached skill level 5 in Dodging
  3607 | D:4      | Reached XP level 7. HP: 34/36 MP: 8/17
  3610 | D:4      | Identified the +9 mace of World Downfall {flame, Will+
                  | SInv}
  3838 | D:5      | Entered Level 5 of the Dungeon
  3893 | D:5      | Found a glowing drain.
  3939 | Sewer    | Entered a sewer
  4042 | Sewer    | Reached skill level 6 in Spellcasting
  4550 | Sewer    | Reached skill level 7 in Spellcasting
  5000 | D:5      | Noticed a yak
  5000 | D:5      | Noticed a yak
  5023 | D:5      | Reached XP level 8. HP: 21/41 MP: 10/21
  5251 | D:4      | Bought a pair of glowing boots for 127 gold pieces
  5309 | D:5      | Reached skill level 8 in Spellcasting
  5401 | D:5      | Found a staircase to the Ecumenical Temple.
  5408 | Temple   | Entered the Ecumenical Temple
  5551 | Temple   | Became a worshipper of Ashenzari the Shackled
  5595 | D:5      | HP: 2/41 [yak (14)]
  5596 | D:5      | Reached skill level 10 in Fighting
  5596 | D:5      | Reached XP level 9. HP: 3/62 MP: 15/23
  5804 | D:5      | Reached skill level 9 in Spellcasting
  6727 | D:5      | Found a snail-covered altar of Cheibriados.
  7247 | D:6      | Reached XP level 10. HP: 68/68 MP: 14/25
  7255 | D:5      | Reached skill level 10 in Spellcasting
  8894 | D:7      | Reached skill level 10 in Conjurations
  8899 | D:7      | Reached skill level 11 in Spellcasting
  9158 | D:7      | Found a white marble altar of Elyvilon.
  9523 | D:8      | Noticed a cane toad
  9561 | D:8      | Learned a level 5 spell: Fireball
  9653 | D:8      | Reached skill level 1 in Fire Magic
 10300 | D:8      | Found a blossoming altar of Fedhas.
 10378 | D:8      | Found an ancient bone altar of Kikubaaqudgha.
 10386 | D:8      | Found a radiant altar of Vehumet.
 10966 | D:9      | Noticed Prince Ribbit
 10973 | D:9      | Killed Prince Ribbit
 10974 | D:9      | Reached XP level 11. HP: 64/72 MP: 19/28
 11122 | D:9      | Found a staircase to the Lair.
 11187 | D:9      | Reached * piety under Ashenzari
 11187 | D:9      | Identified a scroll of acquirement
 11301 | D:9      | Identified the +2 robe of Liozacus {rPois rN+++ rCorr MP-9}
 11334 | D:9      | Found a sparkling altar of Nemelex Xobeh.
 11885 | D:10     | Entered Level 10 of the Dungeon
 12052 | D:10     | Found a runed translucent door.
 12054 | D:10     | Noticed a catoblepas
 12054 | D:10     | Noticed a purple ugly thing
 12055 | D:10     | Found a runed translucent door.
 12055 | D:10     | Found a runed translucent door.
 12055 | D:10     | Noticed a two-headed ogre
 12572 | D:10     | Noticed a centaur warrior
 12572 | D:10     | Noticed a centaur warrior
 12572 | D:10     | Found the +7 captain's cutlass {speed, disarm}
 12572 | D:10     | Identified the +10 shortbow "Colidy" {flame, rElec}
 12573 | D:10     | Noticed a cyan ugly thing
 12573 | D:10     | Noticed a centaur warrior
 12573 | D:10     | Noticed an eight-headed hydra
 12573 | D:10     | Noticed a deep elf pyromancer
 12574 | D:10     | Noticed a boulder beetle
 12581 | D:10     | Shot with an arrow by a centaur warrior

Illustrated notes

Levels and vault maps discovered:
D:1:      onia_arrival_mini_spirals, layout_loops_ring, serial_shops, shop
D:2:      layout_rooms, basic_altar, reono_crystal_passage, minmay_tetromino_l2,
          uniq_robin, uniq_jessica, uniq_crazy_yiuf_cottage
D:3:      layout_loops_ring, uniq_sigmund, uniq_natasha
D:4:      layout_rooms, ebering_ghost_sewer_d, nicolae_take_the_stairs,
          grunt_ministairs_6, ebering_dispersal_statue_hall,
          minmay_ogre_servants
D:5:      nicolae_cairo_tiling_large, layout_basic, slow_altar_2,
          minmay_temple_entry_junction_2, portal_sewer_entry_b
D:6:      layout_cave_pools
D:7:      layout_basic, elyvilon_altar_3
D:8:      layout_basic, mainiacjoe_overflow_alcove_1,
          amethyst_overflow_temple_binary, serial_curves, eino_curves_04,
          eino_curves_03, eino_curves_02, eino_curves_02,
          chequers_serial_rivers_micro_a, minmay_misc_feat_doors
D:9:      layout_irregular_city, nemelex_altar_shiori, lair_entry_dummy,
          uniq_prince_ribbit1
D:10:     minmay_the_grid_triangle_9x9_recursive_2
          [minmay_the_grid_triangle_9x9_prize_center,
          minmay_the_grid_triangle_9x9_sparse_checkered,
          minmay_the_grid_triangle_9x9_zippers_vertical,
          minmay_the_grid_triangle_9x9_fully_insulated_deathbox], layout_basic,
          columned_hall_lemuel, minmay_evil_grid
Temple:   nicolae_temple_bog_church

Skill      XL: |  1  2  3  4  5  6  7  8  9 10 11 |
---------------+----------------------------------+-----
Dodging        | 3 4 5 6 8 |  8.4
Stealth        | 3 4 5 |  5.4
Spellcasting   | 4 5 7 8 9 11 | 11.1
Conjurations   | 5 6 7 8 9 10 | 10.1
Fighting       | 10 | 10.0
Fire Magic     | 3 4 |  4.5

Action                     |  1- 3 |  4- 6 |  7- 9 | 10-12 || total
---------------------------+-------+-------+-------+-------++-------
  Melee: Club              |       |     6 |       |       ||     6
         Mace              |       |       |    26 |     5 ||    31
         Punch             |       |       |     2 |       ||     2
   Cast: Magic Dart        |    48 |    57 |    49 |    97 ||   251
         Searing Ray       |     2 |    12 |    50 |    88 ||   152
         Fulminant Prism   |       |       |       |     3 ||     3
 Invoke: Curse Item        |       |       |       |     2 ||     2
    Use: Potion            |     4 |     3 |     3 |       ||    10
         Scroll            |     2 |     4 |     5 |     1 ||    12
 Armour: Robe              |       |     4 |    12 |    41 ||    57
  Dodge: Dodged            |     1 |    18 |    75 |   177 ||   271
